 Dungeon Crawl Stone Soup version 0.26.1-11-gd32895ea62 (webtiles) character file.

Game seed: 6511089877170494241

231727 drjones the Impassioned (level 18, -14/143 HPs)
             Began as a Demonspawn Gladiator on July 14, 2021.
             Was a High Priest of Uskayaw.
             Killed from afar by Nikola (20 damage)
             ... with a chain lightning
             ... on level 1 of the Vaults on July 15, 2021.
             The game lasted 02:08:57 (43609 turns).

drjones the Impassioned (Demonspawn Gladiator)     Turns: 43609, Time: 02:08:58

Health: -14/143    AC: 25    Str: 22    XL:     18   Next: 36%
Magic:  10/10      EV: 23    Int:  7    God:    Uskayaw [*****.]
Gold:   934        SH: 27    Dex: 30    Spells: 17/17 levels left

rFire    + + .     SeeInvis +   H - +11 rapier of Tension {antimagic, rC+ Str+4 Dex+2}
rCold    . . .     Faith    .   s - +2 tower shield {rN+}
rNeg     + + .     Spirit   .   W - +2 fire dragon scales
rPois    .         Reflect  +   A - +2 hat {Will+}
rElec    .         Harm     .   h - +1 cloak
rCorr    +         Rampage  .   t - +1 pair of gloves {Dex+3}
Will     ++++.                  (boots unavailable)
Stlth    +.........             S - amulet of reflection
HPRegen  0.33/turn              d - +4 ring of evasion
MPRegen  0.12/turn              y - ring of Fomu {rN+ Will++ Int-3 Dex+6 SInv}

@: liquid flames, glowing, studying Short Blades
A: hooves 3, yellow scales 3, demonic guardian 1, foul stench 1, miasma immunity
}: 2/15 runes: decaying, gossamer
a: Renounce Religion, Stomp, Line Pass, Grand Finale


You were on level 1 of the Vaults.
You worshipped Uskayaw.
Uskayaw was most pleased with you.
You visited 7 branches of the dungeon, and saw 32 of its levels.

You collected 3182 gold pieces.
You spent 2248 gold pieces at shops.

Inventory:

Hand Weapons
 a - a +3 dagger of electrocution
 b - a +2 double sword
 H - the +11 rapier of Tension (weapon) {antimagic, rC+ Str+4 Dex+2}
   (You bought it in a shop on level 1 of the Orcish Mines)

   It reduces the magical energy of the wielder, and disrupts the spells and
   magical abilities of those hit.
   Natural abilities and divine invocations are not affected.
   It affects your strength (+4).
   It affects your dexterity (+2).
   It protects you from cold.
 Q - the +9 staff of Olgreb {rPois∞}
   (You acquired it on level 14 of the Dungeon)

   It grants immunity to poison.
Missiles
 j - 3 atropa-tipped darts (quivered)
Armour
 h - a +1 cloak (worn)
 s - a +2 tower shield of positive energy (worn)
 t - a +1 pair of gloves of dexterity (worn)
 A - a +2 hat of willpower (worn)
 W - +2 fire dragon scales (worn)
Jewellery
 d - a +4 ring of evasion (left hand)
 y - the ring of Fomu (right hand) {rN+ Will++ Int-3 Dex+6 SInv}
   (You found it on level 4 of the Dungeon)

   [ring of dexterity]

   It affects your intelligence (-3).
   It affects your dexterity (+6).
   It protects you from negative energy.
   It affects your willpower, your defense against some magical effects.
   It lets you see invisible.
 S - an amulet of reflection (around neck)
 Y - an uncursed ring of flight
 Z - an uncursed ring of poison resistance
Wands
 v - a wand of flame (23)
 x - a wand of digging (36)
 C - a wand of iceblast (34)
Scrolls
 l - 4 scrolls of blinking
 p - 6 scrolls of fog
 q - a scroll of fear
 u - 3 scrolls of enchant weapon
 z - 4 scrolls of immolation
 E - a scroll of summoning
 F - 6 scrolls of identify
 G - 3 scrolls of holy word
 J - 8 scrolls of teleportation
 K - 11 scrolls of remove curse
 O - 3 scrolls of silence
 R - a scroll of vulnerability
 V - a scroll of magic mapping
 X - 4 scrolls of amnesia
Potions
 f - 11 potions of lignification
 g - 3 potions of magic
 i - 4 potions of attraction
 k - 4 potions of mutation
 m - 2 potions of haste
 n - 14 potions of flight
 o - 5 potions of might
 r - 12 potions of curing
 B - 6 potions of ambrosia
 D - 3 potions of brilliance
 L - 2 potions of invisibility
 M - a potion of berserk rage
 N - 7 potions of heal wounds
Books
 e - a manual of Short Blades
Miscellaneous
 c - a condenser vane


   Skills:
 + Level 13.2 Fighting
 + Level 16.7 Short Blades
 - Level 1.7 Throwing
 + Level 12.0 Armour
 + Level 12.3 Dodging
 + Level 4.9 Stealth
 + Level 12.4 Shields
 + Level 17.4 Invocations


You had 17 spell levels left.
You didn't know any spells.
Your spell library contained the following spells:

 Spells                   Type           Power        Failure   Level
 Animate Skeleton         Necr           0%           99%         1
 Apportation              Tloc           0%           99%         1
 Corona                   Hex            0%           99%         1
 Summon Small Mammal      Summ           0%           99%         1
 Corpse Rot               Necr/Air       N/A          100%        2
 Ensorcelled Hibernation  Hex/Ice        0%           100%        2
 Swiftness                Air            0%           100%        2
 Confusing Touch          Hex            0%           100%        3
 Dazzling Flash           Conj/Hex       0%           100%        3
 Gell's Gravitas          Tloc           0%           100%        3
 Lesser Beckoning         Tloc           0%           100%        3
 Tukima's Dance           Hex            0%           100%        3
 Leda's Liquefaction      Hex/Erth       0%           100%        4
 Petrify                  Tmut/Erth      0%           100%        4
 Summon Lightning Spire   Summ/Air       0%           100%        4
 Alistair's Intoxication  Tmut/Pois      0%           100%        5
 Bolt of Magma            Conj/Fire/Erth 0%           100%        5
 Metabolic Englaciation   Hex/Ice        0%           100%        5
 Summon Forest            Summ/Tloc      0%           100%        5
 Yara's Violent Unravell  Hex/Tmut       0%           100%        5
 Invisibility             Hex            0%           100%        6
 Iron Shot                Conj/Erth      0%           100%        6
 Statue Form              Tmut/Erth      0%           100%        6
 Summon Hydra             Summ           0%           100%        7
 Shatter                  Erth           0%           100%        9


Dungeon Overview and Level Annotations

Branches:
Dungeon (14/15)            Temple (1/1) D:7            Lair (6/6) D:10
  Swamp (4/4) Lair:4       Spider (4/4) Lair:2        Slime (0/5) Lair:5
    Orc (2/2) D:12            Elf (0/3) Orc:2        Vaults (1/5) D:14

Altars:
Ashenzari
Dithmenos
Hepliaklqana
Kikubaaqudgha
Okawaru
Qazlal
Ru
Trog
Uskayaw
Vehumet
Xom
Zin
The Shining One
Jiyva

Shops:
D:4 [   Orc:1 :(:?   Orc:2 !?!*   Vaults:1 =

Portals:
Trove: Vaults:1 (give 8 potions of haste)

Annotations:
D:3 1 runed translucent door, Crazy Yiuf
D:10 3 runed translucent doors
Lair:2 3 runed translucent doors, Huxoxzufuz's ghost, journeyman GnFi
Lair:3 2 transporters, Loywebes's ghost, journeyman MiFi
Lair:4 exclusion: 2 oklob plants
Swamp:3 2 transporters, Buem's ghost, adept OgAM
Spider:3 1 runed translucent door, Nuqinleag's ghost, adept GrEE
Vaults:1 Nikola


Innate Abilities, Weirdness & Mutations

You have hooves in place of feet.
You are completely covered in yellow scales. (AC +4, rCorr)
A weak demonic guardian rushes to your aid.
You may emit foul miasma when damaged in melee.
You are immune to miasma.


Message History

The red very ugly thing trunk-slaps you.
You are covered in liquid flames.
You are covered in liquid flames!
You puncture the red very ugly thing! You kick the red very ugly thing.
You kill the red very ugly thing!
You are covered in liquid flames!
The white ugly thing engulfs you. The white ugly thing freezes you!!
Nikola warns, "If you see one of my golems, approach with caution, they bite."
Nikola gestures wildly while chanting.
You hear a mighty clap of thunder!
The lightning arc hits the two-headed ogre!!
The two-headed ogre dies!
The lightning arc hits you!!
* * * LOW HITPOINT WARNING * * *
The lightning arc hits the white ugly thing!!
The lightning arc hits you!!
* * * LOW HITPOINT WARNING * * *
The lightning arc hits the white ugly thing!!
The lightning arc hits you!!
You die...

# #......# #
#......# #
#......#####
#
#...........
#
#.......####
# #..(....#
# #...)...+
#...[...#
+...@u..#
#..))...#
#.......#
#.......#
#.......#
#....@..O
#.........
#..........


You could see Nikola, a white ugly thing (pain bonded) and a two-headed ogre.

Vanquished Creatures
  the Lernaean hydra (Swamp:4)
  Jorgrun (Swamp:3)
  4 thorn hunters
  Frances (D:14)
  Donald (Spider:1)
  2 orc warlords
  Aizul (Spider:1)
  5 ghost moths
  2 emperor scorpions (Spider:4)
  3 very ugly things (Vaults:1)
  A stone giant (Orc:1)
  An ironheart preserver (Vaults:1)
  Nessos (D:12)
  A deep elf demonologist (Vaults:1)
  5 entropy weavers
  A deep elf annihilator (Vaults:1)
  2 bunyips
  2 spark wasps (Spider:4)
  3 eleionomae
  2 ettins (D:13)
  A fire dragon (Vaults:1)
  Josephine (D:14)
  A yaktaur captain (Vaults:1)
  Fannar (Orc:1)
  3 boulder beetles
  A ghost crab (Swamp:3)
  4 vault guards (D:14)
  2 catoblepae
  14 hydras
  A centaur warrior (Vaults:1)
  18 two-headed ogres
  4 ogre magi (Orc:2)
  A death yak (Lair:6)
  An orc high priest (Orc:1)
  10 alligators
  Urug (Lair:5)
  4 goliath frogs
  5 skeletal warriors (D:13)
  A spriggan druid (Swamp:1)
  An unseen horror (Vaults:1)
  7 swamp dragons
  3 lindwurms (Swamp:4)
  4 bog bodies
  2 orc knights
  15 ugly things
  2 ironbrand convokers (Vaults:1)
  31 wolf spiders
  14 orb spiders
  A will-o-the-wisp (Swamp:3)
  5 deep elf magi
  3 orc sorcerers
  7 cyclopes
  A centaur zombie (D:14)
  12 elephants
  3 manticores
  2 vault sentinels (Vaults:1)
  3 black mambas
  22 cane toads
  2 gargoyles
  4 torpor snails
  A rime drake (shapeshifter) (Vaults:1)
  A centaur skeleton (D:13)
  5 yaktaurs (Vaults:1)
  A rime drake (Lair:1)
  An efreet (D:14)
  22 demonic crawlers
  14 komodo dragons
  4 polar bears
  6 trolls
  26 jumping spiders
  2 bloated husks
  12 hornets
  3 meliai (D:13)
  10 tyrant leeches
  A queen bee (D:13)
  A hornet (shapeshifter) (Vaults:1)
  A raiju (shapeshifter) (Vaults:1)
  18 blink frogs (Lair:6)
  A meliai zombie (D:13)
  74 redbacks
  5 wraiths
  3 spriggans
  44 tarantellas
  4 wyverns
  46 yaks
  A centaur simulacrum (D:14)
  A shadow (D:13)
  7 basilisks
  A steam dragon (Lair:4)
  14 vampire mosquitoes
  3 wargs
  Edmund (D:6)
  14 swamp worms
  An acid dragon (D:13)
  22 water moccasins
  30 orc warriors
  2 black bears
  2 hornet zombies
  3 sky beasts
  3 ice beasts
  10 swamp drakes
  A necrophage (D:10)
  3 phantoms
  13 centaurs
  38 ogres
  Blork the orc (D:6)
  31 bullfrogs
  2 wyvern zombies
  A gnoll sergeant (D:12)
  A wyvern skeleton (D:13)
  A scorpion (D:9)
  38 killer bees
  3 electric eels
  26 wights
  3 howler monkeys
  A gnoll shaman (D:4)
  3 bullfrog zombies
  7 hounds
  3 quasits
  6 jellies
  10 orc priests
  24 orc wizards
  4 bullfrog skeletons
  4 iguanas
  10 worker ants
  A hound skeleton (D:8)
  Robin (D:4)
  A howler monkey skeleton (D:8)
  12 adders
  12 gnolls
  A shadow imp (D:7)
  2 white imps
  An ufetubus (D:10)
  3 worms
  3 dart slugs
  9 leopard geckos
  89 orcs
  3 ball pythons
  4 giant cockroaches
  10 goblins
  7 hobgoblins
  4 jackals
  8 kobolds
  5 quokkas
  5 bats
  4 frilled lizards
  7 rats
  4 briar patches (Swamp:4)
1109 creatures vanquished.

Vanquished Creatures (collateral kills)
  A hydra (Swamp:4)
  An alligator (Swamp:2)
  A black mamba (Lair:1)
  A centaur skeleton (D:14)
  A cane toad (Lair:2)
  2 demonic crawlers
  A yaktaur (Vaults:1)
  A hornet (Swamp:2)
  A tyrant leech (Lair:6)
  A blink frog (Lair:6)
  2 redbacks
  3 yaks
  An orc warrior (Orc:2)
  A black bear (D:9)
  A necrophage (D:6)
  A centaur (D:13)
  2 bullfrogs
  A scorpion (D:4)
  A water moccasin skeleton (D:11)
  An electric eel (D:7)
  A worker ant (D:10)
  8 orcs
34 creatures vanquished.

Vanquished Creatures (others)
  A two-headed ogre (Vaults:1)
  A spriggan druid (Swamp:3)
  An orb spider (Spider:2)
  A hornet (Spider:2)
  A bloated husk (Swamp:3)
  A briar patch (Swamp:4)
  4 foxfires (Swamp:3)
  37 fungi
  129 plants
176 creatures vanquished.

Grand Total: 1319 creatures vanquished

Notes
Turn   | Place    | Note
-------+----------+-------------------------------------------
     0 | D:1      | drjones the Demonspawn Gladiator began the quest for the
                  | Orb.
     0 | D:1      | Reached XP level 1. HP: 16/16 MP: 1/1
   185 | D:1      | Gained mutation: You are partially covered in yellow
                  | scales. (AC +2) [demonic ancestry]
   185 | D:1      | Reached XP level 2. HP: 14/22 MP: 2/2
   916 | D:2      | Gained mutation: A weak demonic guardian rushes to your
                  | aid. [demonic ancestry]
   916 | D:2      | Reached XP level 3. HP: 28/28 MP: 3/3
  1305 | D:2      | Reached skill level 1 in Armour
  1367 | D:2      | You fall into a shaft and drop 2 floors!
  1944 | D:2      | Gained mutation: You have large cloven feet. [demonic
                  | ancestry]
  1944 | D:2      | Reached XP level 4. HP: 32/34 MP: 4/4
  3097 | D:3      | Reached XP level 5. HP: 39/41 MP: 5/5
  3176 | D:3      | Found a runed translucent door.
  3177 | D:3      | Noticed Crazy Yiuf
  3492 | D:4      | Got a transparent steel ring
  3493 | D:4      | Identified the ring of Fomu {rN+ Will++ Int-3 Dex+6 SInv}
                  | (You found it on level 4 of the Dungeon)
  3736 | D:4      | Noticed an ogre
  3917 | D:4      | Killed an ogre
  3918 | D:4      | Gained mutation: You are mostly covered in yellow scales.
                  | (AC +3) [demonic ancestry]
  3918 | D:4      | Reached XP level 6. HP: 32/47 MP: 6/6
  4562 | D:4      | Found Miygguq's Armour Boutique.
  4716 | D:4      | Noticed Robin
  4734 | D:4      | Killed Robin
  4892 | D:5      | Entered Level 5 of the Dungeon
  5067 | D:5      | Reached XP level 7. HP: 44/54 MP: 7/7
  5635 | D:5      | Found an ancient bone altar of Kikubaaqudgha.
  6128 | D:6      | Noticed Edmund
  6148 | D:6      | Killed Edmund
  6422 | D:6      | Reached skill level 5 in Short Blades
  6422 | D:6      | Reached skill level 5 in Dodging
  6487 | D:6      | Reached skill level 5 in Fighting
  6487 | D:6      | Gained mutation: You are immune to miasma. [demonic
                  | ancestry]
  6487 | D:6      | Reached XP level 8. HP: 50/62 MP: 8/8
  6685 | D:6      | Noticed Blork the orc
  6691 | D:6      | Killed Blork the orc
  7160 | D:7      | Found a staircase to the Ecumenical Temple.
  7170 | Temple   | Entered the Ecumenical Temple
  7180 | Temple   | Became a worshipper of Uskayaw the Reveller
  7206 | D:7      | Reached * piety under Uskayaw
  7208 | D:7      | Reached skill level 1 in Invocations
  7216 | D:7      | Reached ** piety under Uskayaw
  7437 | D:7      | Reached skill level 2 in Invocations
  7594 | D:7      | Reached *** piety under Uskayaw
  7858 | D:7      | Reached skill level 3 in Invocations
  8462 | D:7      | Reached XP level 9. HP: 61/69 MP: 11/11
  8549 | D:7      | Reached skill level 4 in Invocations
  8747 | D:7      | Reached skill level 5 in Armour
  9068 | D:7      | Reached skill level 5 in Invocations
 10414 | D:9      | Got an encrusted chain mail
 10415 | D:9      | Identified the +7 chain mail of the Equinox {rC- Str+2
                  | Int+2} (You found it on level 9 of the Dungeon)
 10448 | D:9      | Reached skill level 6 in Invocations
 11181 | D:9      | Noticed a two-headed ogre
 11191 | D:9      | Reached **** piety under Uskayaw
 11195 | D:9      | Reached ***** piety under Uskayaw
 11198 | D:9      | Killed a two-headed ogre
 11199 | D:9      | Reached skill level 7 in Invocations
 11199 | D:9      | Reached XP level 10. HP: 55/77 MP: 15/15
 11298 | D:9      | Found a hazy altar of Hepliaklqana.
 11375 | D:10     | Entered Level 10 of the Dungeon
 11437 | D:10     | Noticed a gargoyle
 11842 | D:10     | Reached skill level 8 in Invocations
 12041 | D:10     | Killed a gargoyle
 12264 | D:10     | Noticed a two-headed ogre
 12282 | D:10     | Killed a two-headed ogre
 12283 | D:10     | Reached skill level 9 in Invocations
 12501 | D:10     | Found a staircase to the Lair.
 12678 | D:10     | Found a runed translucent gate.
 12678 | D:10     | Found a runed translucent gate.
 12678 | D:10     | Found a runed translucent gate.
 12678 | D:10     | Noticed a white ugly thing
 12678 | D:10     | Noticed a purple ugly thing
 12679 | D:10     | Noticed a cyan ugly thing
 12679 | D:10     | Noticed a white ugly thing
 12679 | D:10     | Noticed a purple ugly thing
 13180 | D:11     | Noticed a manticore
 13192 | D:11     | Killed a manticore
 13416 | D:11     | Noticed a brown ugly thing
 13432 | D:11     | Killed a brown ugly thing
 13433 | D:11     | Reached skill level 10 in Invocations
 13660 | D:12     | Identified a scroll of acquirement
 13660 | D:12     | Acquired the -4 pair of gloves "Fauca" {rC++ rN+ rCorr
                  | Int-4}
 13768 | D:12     | Reached XP level 11. HP: 86/86 MP: 18/18
 13956 | D:12     | Noticed a two-headed ogre
 13974 | D:12     | Killed a two-headed ogre
 14296 | D:12     | Found a staircase to the Orcish Mines.
 14326 | D:12     | Reached skill level 11 in Invocations
 15010 | D:12     | Noticed Nessos
 15379 | D:12     | Killed Nessos
 15815 | Lair:1   | Entered Level 1 of the Lair of Beasts
 16053 | Lair:1   | Reached skill level 12 in Invocations
 16901 | Lair:2   | Found a runed translucent gate.
 16901 | Lair:2   | Noticed Huxoxzufuz's ghost (journeyman GnFi)
 16902 | Lair:2   | Found a runed translucent gate.
 16902 | Lair:2   | Found a runed translucent gate.
 17237 | Lair:2   | Gained mutation: You are completely covered in yellow
                  | scales. (AC +4, rCorr) [demonic ancestry]
 17237 | Lair:2   | Reached XP level 12. HP: 53/94 MP: 21/21
 18034 | Lair:2   | Found a hole to the Spider Nest.
 18613 | Lair:3   | Noticed a seven-headed hydra
 18628 | Lair:3   | Killed a seven-headed hydra
 18629 | Lair:3   | Reached skill level 13 in Invocations
 18896 | Lair:3   | Noticed a six-headed hydra
 18904 | Lair:3   | Killed a six-headed hydra
 19124 | Lair:3   | Found a transporter.
 19147 | Lair:3   | Noticed Loywebes's ghost (journeyman MiFi)
 19223 | Lair:3   | Noticed an eight-headed hydra
 19276 | Lair:3   | Noticed a boulder beetle
 19400 | Lair:3   | You fall into a shaft and drop 1 floor!
 19435 | Lair:4   | Found a staircase to the Swamp.
 19718 | Lair:3   | Found a transporter.
 19943 | Lair:3   | Reached skill level 1 in Shields
 20267 | Lair:4   | Reached ****** piety under Uskayaw
 20489 | Lair:3   | Killed a boulder beetle
 20821 | Lair:4   | Reached XP level 13. HP: 67/103 MP: 23/23
 21000 | Lair:4   | Reached skill level 10 in Fighting
 21863 | Lair:5   | Reached skill level 14 in Invocations
 22126 | Lair:5   | Found a viscous altar of Jiyva.
 22127 | Lair:5   | Found a staircase to the Slime Pits.
 22157 | Lair:5   | Noticed Urug
 22176 | Lair:5   | Killed Urug
 22784 | Lair:6   | Entered Level 6 of the Lair of Beasts
 23547 | Lair:6   | Reached skill level 10 in Short Blades
 23613 | Lair:6   | Reached skill level 10 in Dodging
 23890 | Lair:6   | Gained mutation: You have hoof-like feet. [demonic
                  | ancestry]
 23890 | Lair:6   | Reached XP level 14. HP: 111/111 MP: 25/25
 24311 | Lair:6   | Reached skill level 5 in Shields
 24403 | Lair:6   | Got an encrusted helmet
 24457 | Lair:6   | Identified the +0 helmet of Eternity {MP+9 Str+3} (You
                  | found it on level 6 of the Lair of Beasts)
 24689 | Orc:1    | Entered Level 1 of the Orcish Mines
 24706 | Orc:1    | Found Hingijoj's Antique Weapon Emporium.
 24720 | Orc:1    | Bought a twisted rapier for 279 gold pieces
 24720 | Orc:1    | Identified the +11 rapier of Tension {antimagic, rC+ Str+4
                  | Dex+2} (You bought it in a shop on level 1 of the Orcish
                  | Mines)
 24826 | Orc:1    | Found Kaoxill's Book Shop.
 24833 | Orc:1    | Noticed Fannar
 24848 | Orc:1    | Killed Fannar
 24853 | Orc:1    | Noticed a stone giant
 24872 | Orc:1    | Killed a stone giant
 25316 | Orc:2    | Entered Level 2 of the Orcish Mines
 25316 | Orc:2    | Found a staircase to the Elven Halls.
 25322 | Orc:2    | Noticed an orc warlord
 25329 | Orc:2    | Reached skill level 15 in Invocations
 25336 | Orc:2    | Killed an orc warlord
 25337 | Orc:2    | Reached skill level 10 in Armour
 25372 | Orc:2    | Noticed an orc warlord
 25415 | Orc:1    | Killed an orc warlord
 25919 | Orc:2    | Found Vifregez's General Store.
 25919 | Orc:2    | Found Qidu's Distillery.
 26231 | Orc:2    | Found Kuage's Magic Scroll Shop.
 26231 | Orc:2    | Found Raalepae's Distillery.
 26371 | Orc:2    | Bought 2 potions of might for 136 gold pieces
 26371 | Orc:2    | Bought a potion of curing for 51 gold pieces
 26371 | Orc:2    | Bought a potion of curing for 51 gold pieces
 26371 | Orc:2    | Bought a potion of attraction for 51 gold pieces
 26371 | Orc:2    | Bought 2 potions of magic for 272 gold pieces
 26372 | Orc:2    | Bought 3 potions of heal wounds for 210 gold pieces
 26372 | Orc:2    | Bought a scroll of summoning for 133 gold pieces
 26372 | Orc:2    | Bought a scroll of fear for 49 gold pieces
 26374 | Orc:2    | Bought a potion of invisibility for 136 gold pieces
 26374 | Orc:2    | Bought a potion of heal wounds for 85 gold pieces
 26374 | Orc:2    | Bought a potion of heal wounds for 85 gold pieces
 26374 | Orc:2    | Bought a potion of heal wounds for 85 gold pieces
 26374 | Orc:2    | Bought a potion of heal wounds for 85 gold pieces
 26374 | Orc:2    | Bought a potion of might for 68 gold pieces
 26374 | Orc:2    | Bought a potion of curing for 51 gold pieces
 26374 | Orc:2    | Bought a potion of curing for 51 gold pieces
 26556 | Orc:1    | Found Julaitam's Book Emporium.
 26561 | Orc:1    | Reached XP level 15. HP: 94/120 MP: 8/26
 26676 | Orc:1    | Found Paytti Gacos's Magic Scroll Emporium.
 28177 | D:13     | Reached skill level 16 in Invocations
 28511 | D:13     | You fall into a shaft and drop 1 floor!
 29400 | D:4      | Bought a +2 plate armour of positive energy for 370 gold
                  | pieces
 29804 | Swamp:1  | Entered Level 1 of the Swamp
 31194 | Swamp:2  | Noticed a thorn hunter
 31207 | Swamp:2  | Killed a thorn hunter
 31978 | Swamp:3  | Noticed a thorn hunter
 31989 | Swamp:3  | Killed a thorn hunter
 32173 | Swamp:3  | Noticed Jorgrun
 32186 | Swamp:3  | Killed Jorgrun
 32187 | Swamp:3  | Reached skill level 1 in Stealth
 32189 | Swamp:3  | Gained mutation: You may emit foul miasma when damaged in
                  | melee. [demonic ancestry]
 32189 | Swamp:3  | Reached XP level 16. HP: 105/129 MP: 9/28
 32984 | Swamp:3  | Found a transporter.
 32997 | Swamp:3  | Found a transporter.
 33004 | Swamp:3  | Noticed Buem's ghost (adept OgAM)
 33551 | Swamp:4  | Entered Level 4 of the Swamp
 33589 | Swamp:4  | Noticed a thorn hunter
 33597 | Swamp:4  | Noticed the 27-headed Lernaean hydra
 33601 | Swamp:4  | Killed the 27-headed Lernaean hydra
 33919 | Swamp:4  | Killed a thorn hunter
 34112 | Swamp:4  | Noticed a thorn hunter
 34125 | Swamp:4  | Killed a thorn hunter
 34127 | Swamp:4  | Reached skill level 17 in Invocations
 34523 | Swamp:4  | Got a decaying rune of Zot
 35311 | Spider:1 | Entered Level 1 of the Spider Nest
 35466 | Spider:1 | Noticed Donald
 35479 | Spider:1 | Noticed Aizul
 35484 | Spider:1 | Killed Donald
 35539 | Spider:1 | Killed Aizul
 36785 | Spider:2 | Acquired a manual of Short Blades
 37156 | Spider:1 | Reached XP level 17. HP: 89/136 MP: 9/29
 37644 | Spider:2 | Identified Faxiesun's Reference Book on Creative Air
 38550 | Spider:3 | Reached skill level 10 in Shields
 38621 | Spider:3 | Found a runed translucent door.
 38621 | Spider:3 | Found a shimmering altar of Xom.
 38621 | Spider:3 | Noticed Nuqinleag's ghost (adept GrEE)
 39458 | Spider:4 | Entered Level 4 of the Spider Nest
 39868 | Spider:4 | Reached skill level 15 in Short Blades
 39909 | Spider:4 | Found the +3 giant club "Skullcrusher" {speed, Str+7}
 41309 | Spider:4 | Got a gossamer rune of Zot
 41685 | D:14     | Noticed Josephine
 41698 | D:14     | Killed Josephine
 41782 | D:14     | Found a gate to the Vaults.
 41803 | D:14     | Gained mutation: You have hooves in place of feet. [demonic
                  | ancestry]
 41803 | D:14     | Reached XP level 18. HP: 118/143 MP: 10/30
 41893 | D:14     | Acquired the +9 staff of Olgreb {rPois∞}
 41894 | D:14     | Found the +9 staff of Olgreb {rPois∞}
 42208 | D:14     | Noticed Frances
 42228 | D:14     | Killed Frances
 42553 | Vaults:1 | Entered Level 1 of the Vaults
 42553 | Vaults:1 | Found a portal to a secret trove of treasure.
 42958 | Vaults:1 | Found Tioqout's Jewellery Shop.
 43584 | Vaults:1 | Noticed Nikola
 43609 | Vaults:1 | HP: 6/143 [Nikola/chain lightning (19)]
 43609 | Vaults:1 | Killed from afar by Nikola

Illustrated notes

Levels and vault maps discovered:
D:1:      nicolae_arrival_washed_ashore, layout_loops_ring
D:2:      wad_pebble_path, layout_loops_ring, minivault_19
D:3:      layout_rooms, st_stairs_10, uniq_crazy_yiuf_cottage
D:4:      layout_rooms, serial_shops, kennysheep_little_box,
          serial_co_window_serial, co_window_paths_b, co_window_paths_a,
          co_window_of_opportunity_a, co_window_paths_a, co_window_paths_a,
          co_window_paths_c, co_window_unsneaky_path_c, co_window_cross_2,
          co_window_4corner_b, co_window_paths_d, glass_columns_b,
          glass_columns_c, glass_columns_b, uniq_robin
D:5:      layout_basic, kennysheep_flooded_box
D:6:      layout_loops_ring, minmay_circle_x, uniq_edmund, uniq_blork_the_orc
D:7:      layout_basic, minmay_temple_entry_glass, serial_bayou,
          serial_bayou_pond_a, serial_bayou_pond_c, serial_bayou_shore_b,
          serial_bayou_crossing, serial_bayou_ford_a, serial_bayou_shore_b
D:8:      minmay_spotlight, layout_basic
D:9:      layout_cave_pods, nzn_hepliaklqana_mist_gate
D:10:     layout_rooms, lair_entry_dummy,
          ploomutoo_gammafunk_ghost_potion_laboratory
D:11:     layout_basic, chequers_serial_rivers_room_b
D:12:     layout_loops_ring, hiddenorc2_lemuel, gauntlet_entry_generic,
          chequers_serial_rivers_small_b, uniq_nessos
D:13:     regret_index_bee_streams, layout_loops_ring,
          portal_ice_cave_entry_pillars_1, hangedman_corner_corridor
D:14:     layout_irregular_city, lightli_vaults_fourway_checkpoint,
          kennysheep_donut, uniq_josephine, uniq_frances
Temple:   grunt_wide_crystal_templ
Lair:1:   layout_cave_pods
Lair:2:   layout_regular_city, spider_nest_entry_a, gammafunk_ghost_split,
          grunt_megastairs_1
Lair:3:   layout_regular_city, serial_rivers, chequers_serial_rivers_micro_e,
          chequers_serial_rivers_micro_c, chequers_serial_rivers_room_a,
          chequers_serial_rivers_micro_d, chequers_serial_rivers_small_b,
          gammafunk_ghost_arena
Lair:4:   layout_cave_shapes, skrybe_swamp_entry_bodies,
          minmay_lair_oklob_chamber, grunt_megastairs_5, lemuel_fruit_fields
Lair:5:   layout_hall_layers, slime_altar_1, uniq_urug
Lair:6:   minmay_lair_end_frog_pond, layout_regular_city
Swamp:1:  layout_basic_swamp, evilmike_swamp_ruin_house_2,
          hangedman_swamp_diagram, swamp_pool5
Swamp:2:  layout_basic_swamp, evilmike_swamp_ruin_house_1
Swamp:3:  layout_basic_swamp, gammafunk_ghost_mausoleum,
          evilmike_swamp_ruin_house_6, uniq_jorgrun
Swamp:4:  swamp_alternative, layout_basic_swamp, swamp_pool1,
          nicolae_swamp_hydra_murder_den
Spider:1: layout_spider_delve, nicolae_spider_webs_and_nodes, uniq_donald,
          uniq_aizul
Spider:2: layout_spider_delve
Spider:3: layout_spider_delve, ebering_ghost_xom, spiders_nest_spider_trap
Spider:4: grunt_spider_rune_parallel, worms_lemuel
Orc:1:    layout_caves, serial_shops, shop_coins, shop, nicolae_shop_stone,
          nicolae_shop_temple_entry_statues_fountains, enter_bailey_2,
          uniq_fannar
Orc:2:    st_orc_ogre_mass, layout_diamond_mine
Vaults:1: vaults_room_pool, grunt_vaults_swirl, hangedman_vaults_restitches,
          nicolae_vaults_little_ls, vaults_room_ringed_pool,
          vaults_dpeg_encased_lava, v_misc_23, layout_vaults_quadrants,
          enter_trove_2, serial_shops, shop, uniq_nikola

Skill      XL: |  1  2  3  4  5  6  7  8  9 10 11 12 13 14 15 16 17 18 |
---------------+-------------------------------------------------------+-----
Dodging        | 3 4 5 6 7 8 9 10 11 12 | 12.3
Short Blades   | 3 4 5 6 7 8 9 10 11 12 16 | 16.7
Armour         | 1 2 3 4 5 6 7 8 9 10 11 12 | 12.0
Fighting       | 3 4 5 6 7 8 9 10 11 12 13 | 13.2
Invocations    | 3 7 10 12 13 14 15 16 17 | 17.4
Shields        | 2 4 6 7 9 11 12 | 12.4
Stealth        | 1 4 |  4.9
Throwing       | |  1.7

Action                   |  1- 3 |  4- 6 |  7- 9 | 10-12 | 13-15 | 16-18 || total
-------------------------+-------+-------+-------+-------+-------+-------++-------
Melee: Rapier            |   131 |    48 |       |       |   785 |  1298 ||  2262
       Short sword       |       |    93 |   293 |   106 |       |       ||   492
       Kick              |       |    31 |   127 |   345 |   672 |   750 ||  1925
       Dagger            |       |       |    26 |   688 |   504 |    12 ||  1230
       Scimitar          |       |       |       |     4 |       |       ||     4
Throw: Throwing net      |     7 |     1 |       |       |       |       ||     8
       Dart              |       |     5 |       |       |     4 |     4 ||    13
Invok: Grand Finale      |       |       |       |     5 |     2 |     2 ||     9
       Stomp             |       |       |       |       |     5 |     1 ||     6
Evoke: Wand              |       |       |       |       |    19 |     3 ||    22
  Use: Potion            |     3 |       |     4 |     4 |     5 |    13 ||    29
       Scroll            |     1 |     3 |    16 |     9 |     8 |    14 ||    51
 Stab: Sleeping          |     2 |       |     1 |       |       |     2 ||     5
       Distracted        |       |     3 |     1 |     6 |    12 |     7 ||    29
       Paralysed         |       |       |     6 |    41 |    72 |    98 ||   217
       Petrified         |       |       |       |       |       |     1 ||     1
Armor: Leather armour    |    40 |    37 |    28 |       |       |       ||   105
       Plate armour      |       |       |    94 |   297 |   278 |       ||   669
       Fire dragon scale |       |       |       |       |    28 |   239 ||   267
       Swamp dragon scal |       |       |       |       |       |    47 ||    47
Dodge: Dodged            |   105 |    93 |   139 |   300 |   485 |   702 ||  1824
Block: Buckler           |       |       |       |       |   445 |   331 ||   776
       Reflection        |       |       |       |       |    15 |    29 ||    44
       Kite shield       |       |       |       |       |       |   469 ||   469
       Tower shield      |       |       |       |       |       |    79 ||    79
